 Dungeon Crawl Stone Soup version 0.26.1-2-gb8aa6d0cf2 (webtiles) character file.

Game seed: 3295959726281096422

467 DearestLeader the Sneak (level 6, 0/28 HPs)
             Began as a Spriggan Enchanter on Mar 22, 2021.
             Slain by an orc wizard
             ... wielding a +0 dagger
              (5 damage)
             ... on level 3 of the Dungeon.
             The game lasted 00:08:41 (4500 turns).

DearestLeader the Sneak (Spriggan Enchanter)        Turns: 4500, Time: 00:08:41

Health: 0/28       AC:  2    Str:  4    XL:     6   Next: 81%
Magic:  7/11       EV: 18    Int: 19    God:
Gold:   194        SH:  0    Dex: 16    Spells: 1/10 levels left

rFire    . . .     SeeInvis +   a - +1 dagger
rCold    . . .     Faith    .   (shield restricted)
rNeg     . . .     Spirit   .   b - +0 robe
rPois    .         Reflect  .   (helmet restricted)
rElec    .         Harm     .   (no cloak)
rCorr    .         Rampage  .   (gloves unavailable)
Will     +....                  (boots unavailable)
Stlth    ++++......             (no amulet)
HPRegen  0.09/turn              e - +4 ring of slaying
MPRegen  0.12/turn              (no ring)

@: very quick
A: very small, unfitting armour, see invisible, speed 3
a: no special abilities


You were on level 3 of the Dungeon.
You visited 1 branch of the dungeon, and saw 4 of its levels.

You collected 194 gold pieces.

Inventory:

Hand Weapons
 a - a +1 dagger (weapon)
Missiles
 k - 37 poisoned darts (quivered)
Armour
 b - a +0 robe (worn)
Jewellery
 e - a +4 ring of slaying (left hand)
Wands
 q - a wand of flame (29)
 s - a wand of iceblast (8)
Scrolls
 c - a scroll of magic mapping {unknown}
 d - 2 scrolls of enchant weapon {unknown}
 h - 3 scrolls of identify {unknown}
 i - a scroll of enchant armour {unknown}
 j - 6 scrolls of teleportation {unknown}
 l - a scroll of amnesia {unknown}
 m - 2 scrolls of fog {unknown}
 n - 6 scrolls of remove curse {unknown}
 o - 4 scrolls of blinking {unknown}
 p - a scroll of noise {unknown}
Potions
 f - a potion of curing
 g - a potion of attraction {unknown}
 r - a potion of lignification {unknown}
 t - a potion of berserk rage {unknown}


   Skills:
 * Level 6.0 Short Blades
 - Level 3.0 Dodging
 + Level 7.4 Stealth
 - Level 2.6 Spellcasting
 + Level 4.7 Hexes


You had one spell level left.
You knew the following spells:

 Your Spells              Type           Power        Failure   Level
a - Corona                Hex            22%          2%          1
b - Ensorcelled Hibernat  Hex/Ice        22%          9%          2
c - Confusing Touch       Hex            20%          7%          3
d - Dazzling Flash        Conj/Hex       22%          19%         3

Your spell library contained the following spells:

 Spells                   Type           Power        Failure   Level
 Tukima's Dance           Hex            20%          7%          3


Dungeon Overview and Level Annotations

Branches:
Dungeon (4/15)
 Temple: D:4-7

Altars:
Nemelex Xobeh


Innate Abilities, Weirdness & Mutations

You are very small and have problems with some larger weapons.
You are too small for most types of armour.
You have supernaturally acute eyesight. (SInv)
You cover ground extremely quickly.


Message History

There is a stone staircase leading up here.
The orc wizard misses you.
You climb upwards.
There is a stone staircase leading down here.
Casting: Ensorcelled Hibernation (safe; 9% risk of failure)
Confirm with . or Enter, or press ? or * to list all spells.
Aiming: Ensorcelled Hibernation (safe; 9% risk of failure)
Press: ? - help, Shift-Dir - straight line, f - orc wizard
Aim: an orc wizard, wielding a +0 dagger and wearing a +0 robe (fast, chance to affect: 42%)
The orc wizard resists with some effort.
The orc wizard gestures at you while chanting.
The magic dart hits you!
* * * LOW HITPOINT WARNING * * *
The orc wizard casts a spell.
The orc wizard blinks!
There is an open door here.
The orc wizard mumbles some strange words.
The orc wizard blinks!
The orc wizard hits you with a +0 dagger.
You die...

#######..###.####.#
#......# #.# #.######
#.# ##'## #.# ##...##
#.# ##.....## #.#
####.......## ##.##
.##.........####...##
..'.....>...ยง...@...#
.##.........###.o..##
...........####[#.##
.###..........[)...#
.# #.#...#.####.##.#
.# #.##'##.# #.##.# .#
#.##(##.# ##[##.# ##
#.##.##.# #..##.#
#.##.##.# #.###.#


You could see an orc wizard (fast).

Vanquished Creatures
  An ogre (D:3)
  A scorpion (D:4)
  An orc priest (D:3)
  2 orc wizards (D:4)
  Jessica (D:3)
  2 worker ants (D:4)
  A hound skeleton (D:4)
  4 adders (D:3)
  3 gnolls
  2 oozes
  A dart slug (D:1)
  3 leopard geckos
  13 orcs
  7 bats
  6 giant cockroaches
  5 goblins
  5 hobgoblins
  4 jackals (D:2)
  2 quokkas
  A ball python (D:3)
  4 frilled lizards
  5 kobolds
  9 rats
83 creatures vanquished.

Notes
Turn   | Place    | Note
-------+----------+-------------------------------------------
     0 | D:1      | DearestLeader the Spriggan Enchanter began the quest for
                  | the Orb.
     0 | D:1      | Reached XP level 1. HP: 9/9 MP: 5/5
   253 | D:1      | Reached XP level 2. HP: 13/13 MP: 6/6
   272 | D:1      | Learned a level 2 spell: Ensorcelled Hibernation
   940 | D:2      | Reached XP level 3. HP: 15/16 MP: 0/8
  1149 | D:2      | Reached skill level 5 in Stealth
  1483 | D:2      | Found a sparkling altar of Nemelex Xobeh.
  1955 | D:3      | Reached XP level 4. HP: 21/21 MP: 1/9
  2817 | D:3      | Noticed Jessica
  2821 | D:3      | Killed Jessica
  3259 | D:3      | Reached skill level 6 in Stealth
  3259 | D:3      | Reached XP level 5. HP: 23/24 MP: 1/10
  3637 | D:3      | Found a faded altar of an unknown god.
  3673 | D:3      | Noticed an ogre
  3681 | D:3      | Killed an ogre
  3682 | D:3      | Reached skill level 5 in Short Blades
  3682 | D:3      | Reached XP level 6. HP: 28/28 MP: 8/11
  3824 | D:3      | Learned a level 3 spell: Confusing Touch
  3828 | D:3      | Learned a level 3 spell: Dazzling Flash
  4032 | D:4      | Reached skill level 7 in Stealth
  4500 | D:3      | Slain by an orc wizard

Illustrated notes

Levels and vault maps discovered:
D:1:      psy_arrival_fountain, layout_basic
D:2:      layout_basic, nemelex_altar_shiori, kennysheep_generic_room_3
D:3:      layout_loops_corners, chequers_ecumenical_altar_simple, uniq_jessica
D:4:      layout_cave_pools, lemuel_coloured_pillars_altar, sigmund_army

Skill      XL: |  1  2  3  4  5  6 |
---------------+-------------------+-----
Short Blades   | 2 3 4 5 6 |  6.0
Hexes          | 4 |  4.7
Stealth        | 5 6 7 |  7.4
Dodging        | |  3.0
Spellcasting   | |  2.6

Action                   |  1- 3 |  4- 6 || total
-------------------------+-------+-------++-------
Melee: Dagger            |   101 |    63 ||   164
 Cast: Ensorcelled Hiber |    10 |    52 ||    62
       Corona            |     3 |     1 ||     4
  Use: Potion            |       |     1 ||     1
 Stab: Sleeping          |    16 |    27 ||    43
       Distracted        |       |     1 ||     1
Armor: Robe              |    14 |     2 ||    16
Dodge: Dodged            |    59 |    61 ||   120
